 Dungeon Crawl Stone Soup version 0.25-a0-474-ga8a2ee3166 (webtiles) character file.

Game seed: 1216685079417499846, levelgen mode: deterministic

14 kae the Sneak (level 2, 0/13 HPs)
             Began as a Spriggan Enchanter on Feb 7, 2020.
             Slain by a leopard gecko (4 damage)
             ... on level 1 of the Dungeon.
             The game lasted 00:01:44 (1058 turns).

kae the Sneak (Spriggan Enchanter)                  Turns: 1058, Time: 00:01:44

Health: 0/13       AC:  2    Str:  4    XL:     2   Next: 27%
Magic:  5/7        EV: 18    Int: 16    God:
Gold:   24         SH:  0    Dex: 16    Spells: 4/7 levels left

rFire    . . .     SeeInvis +   a - +1 dagger
rCold    . . .     Gourm    .   (shield restricted)
rNeg     . . .     Faith    .   b - +0 robe
rPois    .         Spirit   .   (helmet restricted)
rElec    .         Reflect  .   (no cloak)
rCorr    .         Harm     .   (gloves unavailable)
MR       .....                  (boots unavailable)
Stlth    +++.......             (no amulet)
HPRegen  0.04/turn              (no ring)
MPRegen  0.10/turn              (no ring)

@: very quick
A: very small, unfitting armour, see invisible, herbivore, speed 3, slow
metabolism 2
a: no special abilities


You were on level 1 of the Dungeon.
You were not hungry.

You visited 1 branch of the dungeon, and saw 1 of its levels.

You collected 24 gold pieces.

Inventory:

Hand Weapons
 a - a +1 dagger (weapon)
Armour
 b - a +0 robe (worn)
Scrolls
 c - a scroll of enchant armour {unknown}
 e - a scroll of fear {unknown}
Comestibles
 d - 2 rations


   Skills:
 * Level 1.7 Short Blades
 + Level 3.2 Dodging
 + Level 4.5 Stealth
 + Level 3.0 Spellcasting
 + Level 3.7 Hexes


You had 4 spell levels left.
You knew the following spells:

 Your Spells              Type           Power        Failure   Level  Hunger
a - Corona                Hex            ##.....      4%          1    #......
b - Ensorcelled Hibernat  Hex/Ice        #.....       13%         2    ##.....

Your spell library contained the following spells:

 Spells                   Type           Power        Failure   Level  Hunger
 Confusing Touch          Hex            ##......     12%         3    ###....
 Tukima's Dance           Hex            ##......     12%         3    ###....
 Dazzling Flash           Conj/Hex       #.....       26%         3    ###....


Dungeon Overview and Level Annotations

Branches:
Dungeon (1/15)

Altars:


Innate Abilities, Weirdness & Mutations

You are very small and have problems with some larger weapons.
You are too small for most types of armour.
You have supernaturally acute eyesight. (SInv)
You are a herbivore.
You cover ground extremely quickly.
You need to consume almost no food.


Message History

The leopard gecko barely resists.
The leopard gecko bites you.
You barely miss the leopard gecko.
The leopard gecko is heavily wounded.
The leopard gecko bites you.
You miss the leopard gecko.
The leopard gecko is moderately wounded.
The leopard gecko bites you.
You hit the leopard gecko.
The leopard gecko is almost dead.
The leopard gecko barely misses you.
Casting: Corona (safe; 4% risk of failure)
Confirm with . or Enter, or press ? or * to list all spells.
Aiming: Corona (safe; 4% risk of failure)
Press: ? - help, Shift-Dir - straight line, f/p - leopard gecko
Aim: a leopard gecko (almost dead, chance to defeat MR: 68%)
The leopard gecko is outlined in light.
The leopard gecko bites you.
You completely miss the leopard gecko.
The leopard gecko is almost dead.
The leopard gecko misses you. The leopard gecko bites you.
You die...

#. #. . #. .. +. l.. #.
.... #. ..... #.
######...... #.
#..@lw..?... #.
#.####........#####.
#######.########..........
+...(..........+ ........
#######.####...# .....##.
#.# #...# ..... #. #.#
#...# .... #† #.# #...#
... #. #.####...# ### #.


You could see a dart slug and a leopard gecko.

Vanquished Creatures
  2 giant cockroaches (D:1)
  2 hobgoblins (D:1)
  2 kobolds (D:1)
  3 bats (D:1)
  3 frilled lizards (D:1)
  A rat (D:1)
13 creatures vanquished.

Notes
Turn   | Place    | Note
-------+----------+-------------------------------------------
     0 | D:1      | kae the Spriggan Enchanter began the quest for the Orb.
     0 | D:1      | Reached XP level 1. HP: 9/9 MP: 5/5
   429 | D:1      | Reached XP level 2. HP: 13/13 MP: 6/6
  1045 | D:1      | Learned a level 2 spell: Ensorcelled Hibernation
  1058 | D:1      | Slain by a leopard gecko

Levels and vault maps discovered:
D:1:      sevenhm_arrival_forest_fort_small_4, layout_basic,
          chequers_serial_rivers_micro_e, minmay_hexomino_r4

Skill      XL: |  1  2 |
---------------+-------+-----
Spellcasting   | 3 |  3.0
Short Blades   | |  1.7
Dodging        | |  3.2
Stealth        | |  4.5
Hexes          | |  3.7

Action                   || total
-------------------------++-------
Melee: Dagger            ||    75
 Cast: Corona            ||     7
 Stab: Sleeping          ||     4
       Distracted        ||     1
Armor: Robe              ||     8
Dodge: Dodged            ||    68

Table legend:
 A = Non-vault XP
 B = Vault XP
 C = Vault XP percentage of total XP
 D = Non-vault monster count
 E = Vault monster count
 F = Vault count percentage of total count
                 A         B        C        D         E       F
            +---------+---------+-------+---------+---------+-------
      Total |      20 |       0 |   0.0 |      13 |       0 |   0.0
            +---------+---------+-------+---------+---------+-------
        D:1 |      20 |       0 |   0.0 |      13 |       0 |   0.0
            +---------+---------+-------+---------+---------+-------
